 Dungeon Crawl Stone Soup version 0.30-a0-632-g346586fe48 (webtiles) character file.

Game seed: 17077188801449754258

74904 IdlyInterested the Carver (level 15, -7/126 HPs)
             Began as a Demonspawn Gladiator on Jan 13, 2023.
             Mangled by a yak (10 damage)
             ... on level 5 of the Lair of Beasts.
             The game lasted 01:30:24 (22658 turns).

IdlyInterested the Carver (Demonspawn Gladiator)   Turns: 22658, Time: 01:30:25

Health: -7/126     AC: 19    Str: 17    XL:     15   Next: 8%
Magic:  15/15      EV:  8    Int: 10    God:
Gold:   793        SH:  8    Dex: 22    Spells: 14/14 levels left

rFire   + + .      SeeInvis .    q - +2 hand axe (flame)
rCold   . . .      Faith    .    k - +0 buckler
rNeg    . . .      Spirit   .    F - +3 plate armour {rF+}
rPois   .          Reflect  .    C - +0 hat
rElec   .          Harm     .    P - scarf {+Inv}
rCorr   .          Rampage  .    V - +2 pair of gloves {Dex+3}
Will    +....      Rnd*Tele +    (no boots) Stlth
                                 a - amulet of regeneration
HPRegen 2.21/turn                t - +4 ring of protection
MPRegen 0.14/turn                K - +4 ring of slaying

@: corroded
A: hooves 2, molten scales 3, demonic guardian 3, powered by death 1, antennae
1, teleportitis 1
a: Evoke Invisibility


You were on level 5 of the Lair of Beasts.
You visited 3 branches of the dungeon, and saw 21 of its levels.
You visited the Abyss 1 time.
You also visited: Volcano.

You collected 2045 gold pieces.
You spent 1252 gold pieces at shops.

Inventory:

Hand Weapons
 g - a +6 double sword
 n - a +0 vampiric rapier
 q - a +2 hand axe of flaming (weapon)
Missiles
 d - 2 throwing nets
 e - 12 javelins
 f - 8 boomerangs of dispersal
 i - 37 stones (quivered)
 j - 5 atropa-tipped darts
 l - 11 curare-tipped darts
 w - 28 poisoned darts
 R - 6 boomerangs
Armour
 k - a +0 buckler (worn)
 B - a +2 leather armour of cold resistance
 C - a +0 hat (worn)
 F - a +3 plate armour of fire resistance (worn)
 P - a scarf of invisibility (worn)
 V - a +2 pair of gloves of dexterity (worn)
Jewellery
 a - an amulet of regeneration (around neck)
 b - an amulet of reflection
 m - a ring of ice
 o - a ring of protection from fire
 r - a ring of flight
 t - a +4 ring of protection (left hand)
 G - a ring of protection from cold
 K - a +4 ring of slaying (right hand)
 Y - a ring of willpower
Wands
 v - a wand of quicksilver (5)
 A - a wand of digging (15)
 H - a wand of mindburst (20)
 I - a wand of polymorph (16)
 J - a wand of roots (11)
 O - a wand of flame (8)
 T - a wand of charming (4)
Scrolls
 h - 3 scrolls of immolation
 s - 5 scrolls of fog
 u - 13 scrolls of teleportation
 x - 5 scrolls of fear
 y - 11 scrolls of identify
 z - a scroll of amnesia
 N - 3 scrolls of blinking
 U - 3 scrolls of vulnerability
 W - 3 scrolls of butterflies
 X - 3 scrolls of poison
Potions
 c - a potion of heal wounds
 p - 3 potions of might
 D - a potion of invisibility
 E - a potion of flight
 L - 3 potions of resistance
 Q - a potion of brilliance
 S - a potion of mutation
Miscellaneous
 M - a box of beasts


   Skills:
 - Level 14.0 Fighting
 * Level 7.8(11.9) Short Blades
 - Level 14.0(14.7) Long Blades
 - Level 2.0 Throwing
 * Level 6.1 Armour
 - Level 7.0 Dodging
 - Level 2.0 Stealth
 * Level 10.0 Shields
 - Level 7.0 Evocations


You had 14 spell levels left.
You didn't know any spells.
Your spell library contained the following spells:

 Spells                   Type           Power      Damage    Failure   Level
 Freeze                   Ice            0%         1d3       100%        1
 Kiss of Death            Conj/Necr      0%         2d5       100%        1
 Slow                     Hex            0%         N/A       100%        1
 Sting                    Tmut/Pois      0%         1d3       100%        1
 Blink                    Tloc           0%         N/A       100%        2
 Momentum Strike          Conj/Tloc      0%         3d8       100%        2
 Poisonous Vapours        Pois/Air       0%         N/A       100%        2
 Confusing Touch          Hex            0%         N/A       100%        3
 Frozen Ramparts          Ice            0%         1d1       100%        3
 Gell's Gravitas          Tloc           0%         N/A       100%        3
 Hailstorm                Conj/Ice       0%         3d3       100%        3
 Lesser Beckoning         Tloc           0%         N/A       100%        3
 Teleport Other           Tloc           0%         N/A       100%        3
 Vampiric Draining        Necr           0%         2d6       100%        3
 Vhi's Electric Charge    Tloc/Air       0%         N/A       100%        3
 Dispel Undead            Necr           0%         3d6       100%        4
 Olgreb's Toxic Radiance  Pois           0%         N/A       100%        4
 Arcjolt                  Conj/Air       0%         1d10      100%        5
 Dispersal                Tloc           0%         N/A       100%        6
 Maxwell's Capacitive Co  Air            0%         ∞         100%        8


Dungeon Overview and Level Annotations

Branches:
Dungeon (15/15)            Temple (1/1) D:5            Lair (5/5) D:9
 Shoals (0/4) Lair:2       Spider (0/4) Lair:2        Slime (0/5) Lair:4
    Orc (0/2) D:12         Vaults (0/5) D:14         Depths (0/4) D:15
Volcano (visited)

Altars:
Ashenzari
Cheibriados
Dithmenos
Fedhas
Gozag
Hepliaklqana
Kikubaaqudgha
Makhleb
Nemelex Xobeh
Okawaru
Qazlal
Ru
Sif Muna
Trog
Uskayaw
Vehumet
Wu Jian
Xom
Yredelemnul
Jiyva

Shops:
D:4 (   D:5 =:[[   D:10 =   D:14 *


Innate Abilities, Weirdness & Mutations

You have hoof-like feet.
You are completely covered in molten scales. (AC +4, rF+)
A powerful demonic guardian rushes to your aid.
You regenerate a little health from kills.
You have a pair of small antennae on your head.
You are occasionally teleported next to monsters.


Message History

The five-headed hydra is heavily wounded.
You hit the yak. You burn the yak. You hit the yak. You burn the yak.
You kill the yak!
You hit the yak but do no damage. The five-headed hydra bites you.
The five-headed hydra bites you but does no damage.
The five-headed hydra closely misses you.
The five-headed hydra bites you but does no damage.
The five-headed hydra bites you! The goliath frog hits you from afar!
You are splashed with acid!
The yak gores you!
You chop one of the five-headed hydra's heads off!
The flame cauterises the wound!
You hit the four-headed hydra. You burn the four-headed hydra.
The four-headed hydra is heavily wounded.
You hit the yak. You burn the yak. You hit the yak. You burn the yak.
You hit the yak. You burn the yak.
The goliath frog hits you but does no damage.
The four-headed hydra bites you but does no damage. x2
The four-headed hydra bites you.
* * * LOW HITPOINT WARNING * * *
You block the four-headed hydra's attack.
The yak gores you but does no damage. The yak gores you!
* * * LOW HITPOINT WARNING * * *
A demonic guardian appears!
The yak gores you.
* * * LOW HITPOINT WARNING * * *
The goliath frog hits you but does no damage.
The four-headed hydra bites you!
* * * LOW HITPOINT WARNING * * *
You block the four-headed hydra's attack.
The four-headed hydra bites you!
* * * LOW HITPOINT WARNING * * *
The four-headed hydra barely misses you.
Unknown command.
You barely miss the four-headed hydra.
You kick the four-headed hydra, but do no damage.
The four-headed hydra is heavily wounded.
You completely miss the yak. You hit the yak. You burn the yak.
You hit the yak but do no damage. The yak gores you.
* * * LOW HITPOINT WARNING * * *
The yak gores you but does no damage. The yak gores you!
You die...

...... ......
... ......# ....
...k.#.#####....
PP...P..P.......
................
........Y.......
......FDYY3.....
#..#####@Y###.#
####


You could see a four-headed hydra, a lindwurm, a goliath frog, 4 yaks and a
friendly soul eater (summoned).

Vanquished Creatures
  The ghost of BradSin the Cruncher, a journeyman DjGl of Okawaru (Lair:2)
  A fire dragon (D:15)
  Erolcha (D:11)
  2 vault guards (D:12)
  2 hydras
  3 boulder beetles (D:15)
  3 centaur warriors
  3 dancing weapons
  An ogre mage (D:15)
  6 two-headed ogres
  A tengu warrior (D:14)
  A thrashing horror (Abyss:2)
  A wretched star (Abyss:2)
  4 skeletal warriors (D:15)
  7 wizards
  Pikel (D:7)
  2 deep elf pyromancers
  6 ugly things (D:14)
  4 cyclopes
  4 manticores
  9 elephants (Lair:4)
  5 toenail golems (Volcano)
  5 black mambas
  A merfolk siren (Lair:2)
  2 gargoyles
  12 cane toads
  2 unseen horrors
  10 komodo dragons
  4 rime drakes
  5 yaktaurs (D:15)
  2 freezing wraiths
  3 kobold demonologists (D:14)
  A merfolk (Lair:2)
  A meliai (Lair:2)
  A queen bee (D:12)
  A wind drake (D:15)
  2 trolls
  2 polar bears
  29 blink frogs
  3 large abominations (Abyss:2)
  9 slime creatures
  Grinder (D:3)
  10 dream sheep
  A shadow (D:11)
  3 wyverns
  A small abomination (Abyss:2)
  27 yaks
  4 wraiths
  3 neqoxecs (Abyss:2)
  3 basilisks
  A golden eye (shapeshifter) (D:13)
  4 vampire mosquitoes
  A human (D:12)
  2 acid dragons
  8 water moccasins
  Duvessa (D:4)
  2 ice beasts (D:8)
  5 orc warriors
  3 sky beasts (D:15)
  A swamp drake (D:12)
  6 ogres
  3 wolves (Lair:2)
  A black bear (D:6)
  A phantom (D:5)
  6 centaurs
  3 kobold brigands
  12 bullfrogs
  2 scorpions
  4 wights (D:9)
  Dowan (D:4)
  22 killer bees
  2 jellies
  3 gnoll boudas
  2 hounds
  5 orc priests
  6 iguanas
  9 orc wizards
  21 gnolls
  6 adders
  2 white imps
  2 ufetubi
  7 worms
  8 dart slugs
  27 orcs
  2 bats (D:1)
  3 endoplasms
  7 giant cockroaches
  12 goblins
  4 hobgoblins
  14 jackals
  5 quokkas
  6 ball pythons
  5 frilled lizards
  20 kobolds
  6 rats
489 creatures vanquished.

Vanquished Creatures (collateral kills)
  A vault warden (D:12)
  An ice dragon (D:15)
  A boulder beetle (D:13)
  3 blink frogs (Lair:4)
  3 slime creatures (D:13)
  6 yaks
  2 humans (D:12)
  A basilisk (D:12)
  An ice beast (D:7)
  2 wolves (Lair:2)
  4 centaurs (D:13)
  A kobold brigand (D:6)
  A gnoll sergeant (D:7)
  8 killer bees
  2 orc priests
  An orc wizard (D:7)
  5 gnolls
  2 orcs (D:7)
  A giant cockroach (D:1)
  2 kobolds
48 creatures vanquished.

Vanquished Creatures (others)
  2 orc wizards (D:13)
  9 fungi
  36 plants
47 creatures vanquished.

Grand Total: 584 creatures vanquished

Notes
Turn   | Place    | Note
-------+----------+-------------------------------------------
     0 | D:1      | IdlyInterested the Demonspawn Gladiator began the quest for
                  | the Orb.
     0 | D:1      | Reached XP level 1. HP: 16/16 MP: 1/1
   101 | D:1      | Gained mutation: You have large cloven feet. [demonic
                  | ancestry]
   101 | D:1      | Reached XP level 2. HP: 19/22 MP: 2/2
   118 | D:1      | Found a faded altar of an unknown god.
   242 | D:1      | Gained mutation: A weak demonic guardian rushes to your
                  | aid. [demonic ancestry]
   242 | D:1      | Reached XP level 3. HP: 28/28 MP: 3/3
   321 | D:1      | Reached skill level 1 in Stealth
  1023 | D:2      | Reached XP level 4. HP: 22/34 MP: 4/4
  1251 | D:2      | Reached skill level 1 in Armour
  2182 | D:3      | Reached XP level 5. HP: 13/39 MP: 5/5
  2307 | D:3      | Noticed Grinder
  2321 | D:3      | Killed Grinder
  2322 | D:3      | Reached skill level 5 in Long Blades
  2322 | D:3      | Reached skill level 1 in Evocations
  2322 | D:3      | Gained mutation: You are partially covered in molten
                  | scales. (AC +2) [demonic ancestry]
  2322 | D:3      | Reached XP level 6. HP: 39/47 MP: 6/6
  2367 | D:3      | Found an ornate altar of the Wu Jian Council.
  2885 | D:3      | Gained mutation: You are mostly covered in molten scales.
                  | (AC +3) [demonic ancestry]
  2885 | D:3      | Reached XP level 7. HP: 52/52 MP: 7/7
  3279 | D:4      | Found an ancient bone altar of Kikubaaqudgha.
  3466 | D:4      | Noticed Duvessa
  3466 | D:4      | Noticed Dowan
  3485 | D:4      | Killed Duvessa
  3496 | D:4      | Killed Dowan
  3843 | D:4      | Found Hatuti's Weapon Boutique.
  3849 | D:4      | Bought 4 curare-tipped darts for 62 gold pieces
  4053 | D:5      | Entered Level 5 of the Dungeon
  4053 | D:5      | Found a staircase to the Ecumenical Temple.
  4092 | Temple   | Entered the Ecumenical Temple
  4285 | D:5      | Gained mutation: A demonic guardian rushes to your aid.
                  | [demonic ancestry]
  4285 | D:5      | Reached XP level 8. HP: 49/60 MP: 8/8
  4478 | D:5      | Found a snail-covered altar of Cheibriados.
  4662 | D:5      | Found Rirr's Jewellery Boutique.
  4860 | D:5      | Found Goerghapt's Armour Shop.
  4916 | D:5      | Found Areo's Antique Armour Shoppe.
  5155 | D:5      | Found Luclug's Book Shop.
  5402 | D:5      | Bought a shadowed robe for 159 gold pieces
  5402 | D:5      | Identified the +0 robe of the Assorted Mouths {rCorr Str+3
                  | Int+4} (You bought it in a shop on level 5 of the Dungeon)
  5571 | D:6      | Reached skill level 5 in Fighting
  5656 | D:6      | Found a blossoming altar of Fedhas.
  6088 | D:6      | Reached XP level 9. HP: 57/68 MP: 9/9
  6666 | D:7      | Noticed Pikel
  6670 | D:7      | Killed Pikel
  6673 | D:7      | Reached skill level 10 in Long Blades
  8134 | D:8      | Noticed a gargoyle
  8152 | D:8      | Killed a gargoyle
  8153 | D:8      | Gained mutation: You are completely covered in molten
                  | scales. (AC +4, rF+) [demonic ancestry]
  8153 | D:8      | Reached XP level 10. HP: 37/79 MP: 10/10
  8351 | D:8      | Noticed a two-headed ogre
  8364 | D:8      | Killed a two-headed ogre
  8950 | D:5      | Bought a shiny ring mail for 196 gold pieces
  9146 | D:9      | Found a staircase to the Lair.
  9965 | D:9      | Found a broken altar of Ashenzari.
 10071 | D:10     | Entered Level 10 of the Dungeon
 10386 | D:10     | Found Tyix's Jewellery Emporium.
 10429 | D:10     | Identified the +0 robe of Geneg {rPois Regen+ rCorr Dex-2}
 10548 | D:10     | Found a shimmering blue altar of Sif Muna.
 10588 | D:10     | Found a basalt altar of Yredelemnul.
 10672 | D:10     | Noticed a two-headed ogre
 10691 | D:10     | Killed a two-headed ogre
 10937 | D:11     | Gained mutation: You regenerate a little health from kills.
                  | [demonic ancestry]
 10937 | D:11     | Reached XP level 11. HP: 70/87 MP: 11/11
 11486 | D:11     | Noticed Erolcha
 11497 | D:11     | Killed Erolcha
 11902 | D:5      | Bought a pair of glowing gloves for 210 gold pieces
 12447 | D:12     | Found an ornate altar of the Wu Jian Council.
 12448 | D:12     | Found a transporter.
 12540 | D:12     | Found a transporter.
 12545 | D:12     | Found a transporter.
 12545 | D:12     | Noticed a vault guard
 12546 | D:12     | Noticed a vault guard
 12563 | D:12     | Found a transporter.
 12563 | D:12     | Found an ornate altar of the Wu Jian Council.
 12563 | D:12     | Noticed a vault warden
 12635 | D:12     | Noticed a two-headed ogre
 12651 | D:12     | Killed a two-headed ogre
 12968 | D:12     | Identified the +0 animal skin of the Nine Ghosts {-Tele rN+
                  | Int+4 Dex+5}
 12999 | D:12     | Identified the +1 ring mail "Dudeuwna" {Str+7}
 13013 | D:12     | Found a staircase to the Orcish Mines.
 13551 | D:13     | Noticed a centaur warrior
 13567 | D:13     | Noticed a centaur warrior
 13568 | D:13     | Killed a centaur warrior
 13569 | D:13     | Reached skill level 10 in Fighting
 13576 | D:13     | Killed a centaur warrior
 13678 | D:13     | Identified the +1 leather armour of Exclusion {Dex+2}
 13754 | D:13     | Noticed a seven-headed hydra
 13765 | D:13     | Killed a one-headed hydra
 13766 | D:13     | Gained mutation: A powerful demonic guardian rushes to your
                  | aid. [demonic ancestry]
 13766 | D:13     | Reached XP level 12. HP: 59/98 MP: 12/12
 13818 | D:13     | Noticed a boulder beetle
 13831 | D:13     | Killed a boulder beetle
 13837 | D:13     | Reached skill level 5 in Dodging
 14721 | D:10     | Bought a ring of protection from cold for 325 gold pieces
 14999 | D:14     | You fall into a shaft and drop 1 floor!
 14999 | D:15     | Entered Level 15 of the Dungeon
 15066 | D:14     | Noticed a tengu warrior
 15080 | D:14     | Killed a tengu warrior
 15179 | D:14     | Found Kimun's Overcharged Wands.
 15300 | D:14     | Reached skill level 1 in Shields
 15527 | D:14     | Noticed a centaur warrior
 15538 | D:14     | Killed a centaur warrior
 15539 | D:14     | Gained mutation: You have hoof-like feet. [demonic
                  | ancestry]
 15539 | D:14     | Reached XP level 13. HP: 109/109 MP: 13/13
 15594 | D:14     | Found a gate to the Vaults.
 15910 | D:15     | Reached skill level 5 in Armour
 16189 | Abyss:2  | Cast into level 2 of the Abyss (a wizard)
 16263 | Abyss:2  | Gained mutation: You are vulnerable to heat. (rF-) [a
                  | neqoxec]
 16351 | Abyss:2  | Reached skill level 5 in Evocations
 16366 | Abyss:2  | Found a hide-covered altar of Uskayaw.
 16368 | Abyss:2  | Found a corrupted altar of Lugonu.
 16372 | D:15     | Escaped the Abyss
 17097 | D:15     | Reached skill level 5 in Shields
 17133 | D:15     | Reached skill level 1 in Short Blades
 17286 | D:15     | Noticed a fire dragon
 17330 | D:15     | Killed a fire dragon
 17385 | D:15     | Found a staircase to the Depths.
 17445 | D:15     | Found an iron altar of Okawaru.
 17970 | D:12     | Killed a vault warden
 18339 | D:5      | Bought an amulet of reflection for 300 gold pieces
 18424 | Lair:1   | Entered Level 1 of the Lair of Beasts
 18433 | Lair:1   | Found a dark tunnel.
 18460 | Volcano  | Entered a volcano
 18494 | Volcano  | Reached XP level 14. HP: 109/120 MP: 14/14
 19405 | Lair:1   | Reached skill level 5 in Short Blades
 19494 | Lair:1   | Identified the +11 dire flail of Dilor {vamp, Int+2 Dex+2}
 20003 | Lair:2   | Found a staircase to the Shoals.
 20237 | Lair:2   | Lost mutation: You are vulnerable to heat. (rF-) [potion of
                  | mutation]
 20237 | Lair:2   | Gained mutation: You are occasionally teleported next to
                  | monsters. [potion of mutation]
 20237 | Lair:2   | Gained mutation: You have a pair of small antennae on your
                  | head. [potion of mutation]
 20405 | Lair:2   | Found a hole to the Spider Nest.
 20527 | Lair:2   | Found a runed translucent door.
 20528 | Lair:2   | Noticed BradSin's ghost (journeyman DjGl)
 20554 | Lair:2   | Killed BradSin's ghost
 20819 | Lair:3   | Found the +16 obsidian axe {drain, demonic, Mesm Drain Fly
                  | SInv}
 22230 | Lair:4   | Reached XP level 15. HP: 126/126 MP: 15/15
 22509 | Lair:4   | Found a viscous altar of Jiyva.
 22509 | Lair:4   | Found a staircase to the Slime Pits.
 22614 | Lair:5   | Entered Level 5 of the Lair of Beasts
 22652 | Lair:5   | Reached skill level 10 in Shields
 22657 | Lair:5   | HP: 2/126 [four-headed hydra (10)]
 22658 | Lair:5   | Mangled by a yak

Illustrated notes

Levels and vault maps discovered:
D:1:      saegor_arrival_simple_a, layout_basic,
          hellmonk_ecumenical_altar_arch_garden, minmay_cut_off
D:2:      minmay_razor_zed, layout_basic
D:3:      layout_basic, nzn_wu_jian_council_hall, uniq_grinder
D:4:      layout_loops_ring, nicolae_kikubaaqudgha_miasma_corner, serial_shops,
          shop, hangedman_decor_clover_reticule, grunt_ministairs_15,
          minmay_ruptured, uniq_duvessa
D:5:      layout_basic, old_standard_altar, minmay_temple_entry_statues_pillars,
          serial_shops, kennysheep_mini, nicolae_shop_statue_plus,
          shop_fountains, nicolae_shop_advertising_works
          [nicolae_subvault_shop_adworks], kennysheep_small_spiral
D:6:      layout_basic, fedhas_bush_and_centaur_altar, minmay_unpleasant_kobolds
D:7:      layout_layer_cave, chequers_avenue, uniq_pikel
D:8:      layout_gridville
D:9:      layout_rooms, ashenzari_conservatory_becter, lair_entry_dummy,
          corner_web_ring, hangedman_glass_teeth
D:10:     layout_loops_ring, mainiacjoe_overflow_tiny_flanked,
          old_standard_altar, serial_shops, shop_statue, minmay_misc_feat_rows,
          serial_park_tiny_pond
D:11:     layout_rooms, minmay_starry_boxes, uniq_erolcha
D:12:     dreamdust_wu_jian_sword_trials, layout_loops_ring, erik_orc_1,
          solitary_fountain, hangedman_decor_diamond_cutter, hive_lemuel
D:13:     layout_cave_pools
D:14:     layout_cave_pools, erik_vaults_1, nicolae_shop_overcharged_wands
D:15:     grunt_enter_depths_hoard, layout_gridville,
          hellmonk_okawaru_the_only_friend_you_need, dreamdust_looks_like_rain
Temple:   nicolae_temple_bog_church
Lair:1:   layout_roguey, nicolae_volcano_entry_lava_flow
Lair:2:   layout_misc_corridors, elwin_shoals_entry_rooms,
          hellmonk_spider_entry_not_the_bees, gammafunk_ghost_grave
Lair:3:   layout_misc_corridors, dreamdust_deal_with_the_devil,
          grunt_megastairs_5
Lair:4:   layout_regular_city, dpeg_slime_entry_enclosed, minmay_lair_drake_nest
Lair:5:   minmay_lair_end_frog_pond, layout_concentric_octagons,
          grunt_forest_large_clearing_hut, uniq_rupert

Skill      XL: |  1  2  3  4  5  6  7  8  9 10 11 12 13 14 15 |
---------------+----------------------------------------------+-----
Long Blades    | 3 4 5 6 7 9 11 12 14 | 14.0
Throwing       | 2 |  2.0
Stealth        | 1 2 |  2.0
Armour         | 1 3 4 6 |  6.1
Fighting       | 3 4 5 7 8 10 12 14 | 14.0
Evocations     | 1 2 4 5 7 |  7.0
Dodging        | 3 4 7 |  7.0
Shields        | 2 6 9 10 | 10.0
Short Blades   | 3 7 |  7.8

Action                   |  1- 3 |  4- 6 |  7- 9 | 10-12 | 13-15 || total
-------------------------+-------+-------+-------+-------+-------++-------
Melee: Long sword        |    90 |   140 |   194 |    78 |   270 ||   772
       Kick              |    17 |    32 |   103 |   191 |   392 ||   735
       Whip              |       |    12 |       |       |       ||    12
       Punch             |       |       |     5 |     4 |       ||     9
       Scimitar          |       |       |   141 |   498 |       ||   639
       Hand axe          |       |       |       |     9 |    12 ||    21
       Rapier            |       |       |       |       |   109 ||   109
       Double sword      |       |       |       |       |   549 ||   549
Throw: Stone             |       |       |     5 |    40 |   111 ||   156
       Dart              |       |       |     1 |     9 |     1 ||    11
       Throwing net      |       |       |     1 |       |     3 ||     4
       Boomerang         |       |       |       |     4 |       ||     4
Evoke: Wand              |       |       |       |     1 |     4 ||     5
       Box of beasts     |       |       |       |     1 |     1 ||     2
  Use: Scroll            |     1 |     7 |     5 |     9 |     4 ||    26
       Potion            |     1 |     1 |     2 |    11 |     6 ||    21
 Stab: Sleeping          |       |       |     6 |     2 |     1 ||     9
       Confused          |       |       |     2 |       |       ||     2
       Invisible         |       |       |     1 |     1 |       ||     2
       Distracted        |       |       |     1 |       |     2 ||     3
       Held in net/web   |       |       |     1 |       |     2 ||     3
Armor: Ring mail         |    30 |       |       |   412 |   166 ||   608
       Chain mail        |     9 |    88 |    26 |       |       ||   123
       Leather armour    |       |       |   100 |     9 |       ||   109
       Plate armour      |       |       |       |       |   331 ||   331
Dodge: Dodged            |    49 |    53 |   166 |   441 |   383 ||  1092
Block: Buckler           |       |       |       |    12 |   252 ||   264

Table legend: (Time is in decaauts)
 A = Elapsed time spent in this place.
 B = Non-inter-level travel time spent in this place.
 C = Inter-level travel time spent in this place.
 D = Time resting spent in this place.
 E = Time spent auto-exploring this place.
 F = Levels seen in this place.
 G = Mean time per level.
                   A        B        C        D        E       F      G
               +--------+--------+--------+--------+--------+-----+--------+
         Total |  22477 |  18527 |   3950 |   2763 |   9409 |  23 |  977.3 |
       Dungeon |  18105 |  14496 |   3609 |   2736 |   7281 |  15 | 1207.0 |
        Temple |    419 |    367 |     52 |      0 |    120 |   1 |  419.0 |
          Lair |   3306 |   3018 |    288 |      2 |   1902 |   5 |  661.2 |
         Abyss |    162 |    162 |      0 |      0 |     62 |   1 |  162.0 |
       Volcano |    485 |    485 |      0 |     25 |     44 |   1 |  485.0 |
               +--------+--------+--------+--------+--------+-----+--------+

Top non-repeatable levels by time:
    D:12: 1815 daAuts
     D:5: 1783 daAuts
     D:6: 1507 daAuts
     D:8: 1463 daAuts
    D:15: 1420 daAuts
     D:7: 1265 daAuts
     D:2: 1184 daAuts
     D:9: 1180 daAuts
     D:4: 1083 daAuts
     D:3: 1081 daAuts
    D:10: 969 daAuts
    D:11: 915 daAuts
  Lair:4: 881 daAuts
    D:14: 839 daAuts
     D:1: 827 daAuts
